 Dungeon Crawl Stone Soup version 0.22.0-38-g04b72b8 (webtiles) character file.

6591 Starchild the Quickloader (level 11, -2/56 HPs)
             Began as a Kobold Arcane Marksman on Aug 28, 2018.
             Was a Follower of Dithmenos.
             Hit by a javelin thrown by a minotaur (37 damage)
             ... in a labyrinth.
             The game lasted 01:40:03 (12841 turns).

Starchild the Quickloader (Kobold Arcane Marksman) Turns: 12841, Time: 01:40:04

Health: -2/56      AC: 10    Str:  8    XL:     11   Next: 21%
Magic:  15/17      EV: 14    Int: 16    God:    Dithmenos [*.....]
Gold:   561        SH:  4    Dex: 17    Spells: 1/19 levels left

rFire    . . .     SeeInvis .   j - +2 short sword (elec)
rCold    . . .     Gourm    .   T - +0 buckler
rNeg     . . .     Faith    .   k - +2 robe {MR+}
rPois    .         Spirit   .   l - +0 helmet
rElec    .         Reflect  .   (no cloak)
rCorr    .         Harm     .   (no gloves)
MR       +....                  e - +0 pair of boots
Stlth    +++++.....             (no amulet)
HPRegen  0.18/turn              C - ring of wizardry
MPRegen  0.15/turn              q - +4 ring of protection

@: wreathed by umbra
A: small, carnivore
a: Renounce Religion


You were in a labyrinth.
You worshipped Dithmenos.
Dithmenos was aware of your devotion.
You were not hungry.

You visited 4 branches of the dungeon, and saw 14 of its levels.
You also visited: Labyrinth, Sewer and Ossuary.

You collected 561 gold pieces.

Inventory:

Hand Weapons
 a - a +0 dagger of venom
 j - a +2 short sword of electrocution (weapon)
 R - a +0 hand crossbow of freezing
Missiles
 b - 351 stones
 d - 8 bolts
 x - 4 tomahawks
 y - 4 throwing nets
 I - 9 poisoned tomahawks (quivered)
Armour
 e - a +0 pair of boots (worn)
 k - a +2 robe of magic resistance (worn)
 l - a +0 helmet (worn)
 S - a +0 troll leather armour
 T - a +0 buckler (worn)
Jewellery
 g - an uncursed ring of stealth
 n - an uncursed amulet of rage
 q - a +4 ring of protection (right hand)
 C - a ring of wizardry (left hand)
 J - an uncursed ring of ice {unknown}
 K - an uncursed ring of see invisible {unknown}
Wands
 t - a wand of acid (9)
 M - a wand of digging (11)
 O - a wand of clouds (2)
 Q - a wand of iceblast (8)
 U - a wand of polymorph (6)
Scrolls
 h - 8 scrolls of magic mapping
 o - a scroll of enchant weapon {unknown}
 p - a scroll of fear {unknown}
 s - 2 scrolls of teleportation
 u - 2 scrolls of fog {unknown}
 w - a scroll of remove curse
 B - 3 scrolls of immolation {unknown}
 D - 2 scrolls of enchant armour {unknown}
 F - a scroll of random uselessness {unknown}
 L - 3 scrolls of amnesia {unknown}
 N - 2 scrolls of blinking {unknown}
 P - a scroll of noise {unknown}
Potions
 c - 6 potions of curing
 i - 2 potions of magic
 m - 2 potions of resistance {unknown}
 r - 2 potions of brilliance {unknown}
 v - 3 potions of flight {unknown}
 z - a potion of berserk rage {unknown}
 A - a potion of agility {unknown}
 E - 3 potions of degeneration {unknown}
 G - 2 potions of ambrosia {unknown}
 H - 3 potions of invisibility
Comestibles
 f - 18 rations


   Skills:
 - Level 1.1 Fighting
 - Level 10.1 Short Blades
 - Level 10.8 Crossbows
 - Level 2.4 Dodging
 + Level 7.4 Stealth
 - Level 4.5 Spellcasting
 - Level 9.5 Hexes


You had one spell level left.
You knew the following spells:

 Your Spells              Type           Power        Failure   Level  Hunger
a - Corona                Hex            ####...      1%          1    None
b - Slow                  Hex            ####....     1%          2    ##.....
c - Confusing Touch       Hex            ####..       1%          1    None
d - Confuse               Hex            ####....     1%          3    ###....
e - Cause Fear            Hex            ####......   2%          4    ####...
f - Inner Flame           Hex/Fire       ###.....     4%          3    ###....
g - Leda's Liquefaction   Hex/Erth       ###.......   16%         4    ####...

Your spell library contained the following spells:

 Spells                   Type           Power        Failure   Level  Hunger
 Portal Projectile        Hex/Tloc       ###...       4%          3    ###....
 Gell's Gravitas          Tloc           #.........   32%         3    ###....
 Metabolic Englaciation   Hex/Ice        ###.......   38%         5    ######.
 Yara's Violent Unravell  Hex/Tmut       ###.......   38%         5    ######.
 Petrify                  Tmut/Erth      #.......     69%         4    ####...


Dungeon Overview and Level Annotations

Branches:
Dungeon (11/15)            Temple (1/1) D:6            Lair (1/6) D:8
    Orc (1/2) D:9

Altars:
Ashenzari
Cheibriados
Dithmenos
Elyvilon
Fedhas
Gozag
Hepliaklqana
Kikubaaqudgha
Makhleb
Nemelex Xobeh
Okawaru
Qazlal
Ru
Sif Muna
Trog
Uskayaw
Vehumet
Wu Jian
Xom
Yredelemnul
Zin
The Shining One

Annotations:
D:10 Fannar


Innate Abilities, Weirdness & Mutations

You are small and have problems with some larger weapons.
You are carnivorous and can eat meat at any time.


Message History

The floor suddenly vibrates beneath you!
You are feeling hungry.
You eat one of the 19 rations.
That ration really hit the spot!
A minotaur comes into view. It is wielding a spear.
The minotaur bellows!
The minotaur throws a javelin.
The javelin hits you!!
You see here a javelin.
Wield which item (- for none, * to show all)? (? for menu, Esc to quit)
Your +0 hand crossbow of freezing stops glowing.
You hear the crackle of electricity.
j - a +2 short sword of electrocution (weapon)
Casting: Confuse (safe; 1% risk of failure)
Confirm with . or Enter, or press ? or * to list all spells.
Aiming: Slow (safe; 1% risk of failure)
Press: ? - help, Shift-Dir - straight line, f - minotaur
Aim: a minotaur, wielding a spear and wearing a chain mail (chance to defeat MR: 11%)
The minotaur resists with almost no effort.
The minotaur throws a javelin.
The javelin hits you!!!
Ouch! That really hurt!
You die...

..... .. ..
. # # ###
### ##. ##.#
#. ... .....
..#
#.########
.####
.#.H....#..
#.#.## #H#
#.# #.#..
#.######.#.#
#......@.#..
########## .


You could see a minotaur.

Vanquished Creatures
  An ugly thing (D:10)
  A troll (D:9)
  Sigmund (D:2)
  6 yaks
  A hungry ghost (D:9)
  A basilisk (D:8)
  2 water moccasins
  2 ice beasts
  4 orc warriors (D:9)
  2 sky beasts (D:9)
  2 phantoms
  3 ogres
  3 centaurs
  A crocodile (D:8)
  Blork the orc (D:4)
  3 big kobolds
  5 bullfrogs
  A wyvern skeleton (D:8)
  2 scorpions
  9 wights
  A howler monkey (D:6)
  4 crimson imps
  4 bullfrog zombies
  2 quasits
  A human zombie (Ossuary)
  2 hounds
  2 centaur skeletons
  An orc priest (D:3)
  4 jellies
  8 orc wizards
  3 iron imps (D:6)
  2 bullfrog skeletons (D:6)
  2 iguanas (D:6)
  2 worker ants
  A killer bee zombie (D:9)
  3 hound zombies (Ossuary)
  4 mummies (Ossuary)
  A worker ant zombie (D:7)
  Robin (D:2)
  6 gnolls
  A howler monkey skeleton (D:7)
  6 adders
  4 river rats (Sewer)
  3 shadow imps
  3 adder zombies
  A worm (D:3)
  3 dart slugs
  10 leopard geckos
  42 orcs
  2 ball pythons (Sewer)
  6 bats
  6 giant cockroaches
  A gnoll zombie (Ossuary)
  23 goblins
  17 hobgoblins
  7 jackals
  32 kobolds
  3 quokkas
  13 frilled lizards
  A giant cockroach zombie (D:5)
  A goblin zombie (Ossuary)
  2 kobold zombies (Ossuary)
  An orc zombie (Ossuary)
  A quokka zombie (D:9)
  17 rats
  A rat zombie (Ossuary)
  A bush (D:6)
  A withered plant (D:2)
314 creatures vanquished.

Vanquished Creatures (others)
  A withered plant (D:2)
1 creature vanquished.

Grand Total: 315 creatures vanquished

Notes
Turn   | Place    | Note
-------+----------+-------------------------------------------
     0 | D:1      | Starchild the Kobold Arcane Marksman began the quest for the Orb.
     0 | D:1      | Reached XP level 1. HP: 12/12 MP: 2/2
    83 | D:1      | Reached XP level 2. HP: 15/16 MP: 3/3
   440 | D:1      | Reached XP level 3. HP: 13/20 MP: 4/4
   453 | D:1      | Learned a level 2 spell: Slow
   829 | D:2      | Found a hazy altar of Hepliaklqana.
   840 | D:2      | Reached XP level 4. HP: 18/25 MP: 5/5
   902 | D:2      | Noticed Robin
   906 | D:2      | Noticed Sigmund
  1022 | D:2      | Reached skill level 5 in Hexes
  1113 | D:2      | Found an ancient bone altar of Kikubaaqudgha.
  1177 | D:2      | Killed Sigmund
  1177 | D:2      | Reached skill level 5 in Short Blades
  1177 | D:2      | Reached XP level 5. HP: 29/29 MP: 3/6
  1177 | D:2      | Reached XP level 6. HP: 34/34 MP: 3/7
  1388 | D:2      | Killed Robin
  2148 | D:3      | Found a glowing drain.
  2152 | Sewer    | Entered a sewer
  2345 | Sewer    | Reached XP level 7. HP: 38/38 MP: 8/8
  2844 | D:4      | Noticed Blork the orc
  2853 | D:4      | Killed Blork the orc
  2878 | D:4      | Found an iron altar of Okawaru.
  3963 | D:5      | Entered Level 5 of the Dungeon
  3983 | D:5      | Reached XP level 8. HP: 32/43 MP: 6/9
  4034 | D:5      | Found a sand-covered staircase.
  4068 | Ossuary  | Entered an ossuary
  4405 | Ossuary  | Reached skill level 10 in Short Blades
  4809 | D:5      | Found a glowing silver altar of Zin.
  4974 | D:5      | Reached skill level 5 in Crossbows
  5489 | D:6      | Found a shattered altar of Ashenzari.
  5496 | D:6      | Reached XP level 9. HP: 43/47 MP: 10/10
  5536 | D:6      | Found a burning altar of Makhleb.
  5697 | D:6      | Found a staircase to the Ecumenical Temple.
  5790 | D:6      | Found a sacrificial altar of Ru.
  5821 | Temple   | Entered the Ecumenical Temple
  6602 | D:7      | Reached skill level 10 in Crossbows
  7193 | D:8      | Found a shadowy altar of Dithmenos.
  7193 | D:8      | Found a sparkling altar of Nemelex Xobeh.
  7378 | D:8      | Found a staircase to the Lair.
  7378 | D:8      | Noticed a hippogriff
  7378 | D:8      | Noticed a death yak
  7718 | D:8      | Reached XP level 10. HP: 52/52 MP: 11/11
  8271 | D:8      | Became a worshipper of Dithmenos the Shadowed
  8326 | D:9      | Learned a level 1 spell: Confusing Touch
  8330 | D:9      | Learned a level 3 spell: Confuse
  8465 | D:9      | Found a sacrificial altar of Ru.
  9290 | D:9      | Found a staircase to the Orcish Mines.
  9374 | D:9      | Reached * piety under Dithmenos
  9560 | D:9      | Found a stormy altar of Qazlal.
  9563 | D:9      | Found an opulent altar of Gozag.
  9639 | D:9      | Learned a level 4 spell: Cause Fear
  9643 | D:9      | Learned a level 3 spell: Inner Flame
  9959 | D:9      | Found an iron altar of Okawaru.
 10035 | D:9      | Found a basalt altar of Yredelemnul.
 10035 | D:9      | Found a shimmering altar of Xom.
 10046 | D:10     | Entered Level 10 of the Dungeon
 10198 | D:10     | Noticed a brown ugly thing
 10215 | D:10     | Killed a brown ugly thing
 10215 | D:10     | Reached XP level 11. HP: 19/56 MP: 17/17
 10277 | D:9      | HP: 1/56 [sky beast (5)]
 10563 | D:10     | Learned a level 4 spell: Leda's Liquefaction
 10599 | D:10     | Noticed Fannar
 10993 | D:10     | Reached ** piety under Dithmenos
 11419 | Orc:1    | Entered Level 1 of the Orcish Mines
 11419 | Orc:1    | Noticed an ettin
 11545 | Lair:1   | Entered Level 1 of the Lair of Beasts
 11615 | Lair:1   | Found a labyrinth entrance.
 11624 | Lab      | Entered a labyrinth
 12835 | Lab      | Noticed a minotaur
 12841 | Lab      | Hit by a javelin thrown by a minotaur

Skill      XL: |  1  2  3  4  5  6  7  8  9 10 11 |
---------------+----------------------------------+-----
Hexes          | 4 5 6 9 |  9.5
Short Blades   | 5 6 9 10 | 10.1
Crossbows      | 7 10 | 10.8
Spellcasting   | 4 |  4.5
Stealth        | 4 7 |  7.4
Fighting       | |  1.1
Dodging        | |  2.4

Action                   |  1- 3 |  4- 6 |  7- 9 | 10-12 || total
-------------------------+-------+-------+-------+-------++-------
Melee: Short sword       |       |   108 |   504 |   272 ||   884
 Fire: Hand crossbow     |    71 |    73 |   135 |    14 ||   293
Throw: Stone             |       |     2 |     1 |     2 ||     5
       Tomahawk          |       |       |       |     6 ||     6
       Throwing net      |       |       |       |     1 ||     1
 Cast: Slow              |       |     3 |     3 |    17 ||    23
       Corona            |       |     1 |    26 |    19 ||    46
       Confuse           |       |       |       |    15 ||    15
       Confusing Touch   |       |       |       |     2 ||     2
Evoke: Wand              |       |       |       |    10 ||    10
  Use: Scroll            |       |       |     6 |     5 ||    11
       Potion            |       |       |     2 |     6 ||     8
 Stab: Sleeping          |       |     4 |    12 |     2 ||    18
       Confused          |       |       |       |     3 ||     3
       Distracted        |       |       |       |     1 ||     1
       Held in net/web   |       |       |       |     1 ||     1
  Eat: Chunk             |       |     5 |    16 |     8 ||    29
       Ration            |       |       |     1 |     7 ||     8
Armor: Robe              |     4 |    12 |   144 |    45 ||   205
Dodge: Dodged            |    29 |    73 |   321 |   116 ||   539
